[Event "*** SCC Grand Prix: Titled Tuesday Blitz"]
[Site "Chess.com"]
[Date "2020.07.21"]
[Round "5"]
[White "WildTricks"]
[Black "mjray79"]
[Result "0-1"]
[WhiteElo "2498"]
[BlackElo "2370"]
[TimeControl "180+1"]
[EndTime "10:56:51 PDT"]
[Termination "mjray79 won by resignation"]

1. e4 e5 2. Nf3 Nc6 3. Bc4 Bc5 4. O-O Nf6 5. d4 Bxd4 6. Nxd4 Nxd4 7. Bg5 d6 8. f4 Be6 9. Bd3 Qe7 10. Kh1 O-O-O 11. f5 Bd7 12. Nc3 Bc6 13. b3 h6 14. Bh4 d5 15.
exd5 Bxd5 16. Nxd5 Rxd5 17. Qe1 Re8 18. Qg3 e4 19.
Qxg7 Nxf5 20. Qxf6 Nxh4 21. Bc4 Rd2 22. Bxf7 Qxf6 23.
Rxf6 Red8 24. Be6+ Kb8 25. Rg1 Rxc2 26. Rf4 Ng6 27.
Rxe4 Rxa2 28. h4 b6 29. h5 Ne7 30. Bc4 Nc6 31. Re6 Rd6 32. Re8+ Kb7 33. Rf1 Rdd2 34. Rg8 Ne5 35. Be6 Nd3 36. Rff8 Nf2+ 37. Kh2 Ne4 38. Rb8+ Kc6 39. Rg6 Ng5 40. Bh3+ Kb5 41. Rbg8 Nf3+ 42. Kg3 Ng5 43. Kh4 Rd4+ 44. Bg4 Ne4 45. Rxh6 Rxg2 46. Rhg6 Rh2+ 47. Bh3 Nf2+ 48. Kg3 Rxh3+ 49. Kxf2 Rxh5 50.
Rg5+ Rxg5 51. Rxg5+ Kb4 52. Ke3 Rd6 53. Rg7 Rc6 54. Kd4 Kxb3 55. Rg1 Rd6+ 56. Ke3 Kc4 57. Rc1+ Kb5 58. Rxc7 a5 59. Rc1 a4 60. Rb1+ Ka5 61.
Rc1 b5 62. Rc8 a3 63. Rb8 Kb4 64. Ke2 a2 65. Rh8 a1=Q 66. Rh4+ Ka3 67. Rh3+ Ka2 0-1

[Event "*** SCC Grand Prix: Titled Tuesday Blitz"]
[Site "Chess.com"]
[Date "2020.07.21"]
[Round "5"]
[White "warmoatmeal"]
[Black "lelya96"]
[Result "1-0"]
[WhiteElo "2360"]
[BlackElo "2176"]
[TimeControl "180+1"]
[EndTime "10:56:51 PDT"]
[Termination "warmoatmeal won by checkmate"]

1. Nf3 d5 2. e3 Nf6 3. c4 c6 4. b3 Bg4 5. Be2 e6 6. Bb2 Be7 7. h3 Bh5 8. O-O O-O 9. Ne5 Bxe2 10. Qxe2 Nbd7 11. d3 Nxe5 12. Bxe5 Nd7 13. Bb2 Bf6 14.
Bxf6 Qxf6 15. d4 e5 16. dxe5 Qxe5 17. Nd2 Nf6 18. Nf3 Qe4 19. Rfd1 h6 20. Rd4 Qe6 21. Rad1 a5 22. cxd5 Nxd5 23. Qc4 Qf6 24. Qc5 Rfe8 25. a4 Qe6 26. Nd2 b6 27. Qc4 Nb4 28. Qxe6 Rxe6 29.
Nc4 b5 30. Rd8+ Rxd8 31. Rxd8+ Kh7 32. Nxa5 bxa4 33. bxa4 Re5 34. Rd4 Nc2 35. Nxc6 Rc5 36. Rd6 Na3 37. Nd8 f6 38. Rd7 Re5 39. Nc6 Rc5 40.
Nd4 Nc4 41. Rxg7+ Kxg7 42. Ne6+ Kg6 43. Nxc5 Na5 44. e4 Kf7 45. f4 Ke7 46. e5 fxe5 47. fxe5 Nc6 48. Kf2 Nxe5 49. a5 Kd6 50. Ne4+ Kd5 51.
Nf6+ Ke6 52. Ng4 Nc4 53. a6 h5 54. Ne3 Nb6 55. Kg3 Ke5 56. Kh4 Kf4 57. Kxh5 Kxe3 58. g4 Kf4 59. g5 Kf5 60. g6 Nd7 61. a7 Nf6+ 62. Kh6 Ng8+ 63. Kg7 Ne7 64. a8=Q Nxg6 65.
Qf3+ Nf4 66. Qg4+ Ke5 67. h4 Ne6+ 68. Qxe6+ Kxe6 69. h5 Kf5 70. h6 Kg5 71. h7 Kf5 72.
h8=Q Kg5 73. Qh6+ Kg4 74. Qf6 Kg3 75. Qf5 Kh4 76. Qg6 Kh3 77. Kf6 Kh2 78. Kf5 Kh3 79. Kf4 Kh2 80. Kf3 Kh1 81. Qg2# 1-0

[Event "*** SCC Grand Prix: Titled Tuesday Blitz"]
[Site "Chess.com"]
[Date "2020.07.21"]
[Round "5"]
[White "mishanick"]
[Black "Funo09"]
[Result "1-0"]
[WhiteElo "2910"]
[BlackElo "2762"]
[TimeControl "180+1"]
[EndTime "10:56:57 PDT"]
[Termination "mishanick won by resignation"]

1. d4 Nf6 2. c4 Nc6 3. Nf3 d6 4. Nc3 e5 5. d5 Ne7 6. e4 Ng6 7. g3 Be7 8. Be2 O-O 9. h3 c6 10. Be3 Bd7 11. a3 cxd5 12. cxd5 b5 13. Nd2 a5 14.
Bxb5 Bxb5 15. Nxb5 a4 16. Nc3 Qa5 17. Qe2 Nd7 18.
O-O Rfb8 19. Nc4 Qa6 20. Rfc1 h6 21. Na2 Nc5 22. Bxc5 dxc5 23. Nc3 Rb3 24. Rc2 Rab8 25. Rd1 Bd8 26. d6 Nf8 27. Nxe5 Qxe2 28. Rxe2 Rxb2 29. Rxb2 Rxb2 30. Nc6 Ne6 31. Nxa4 Ra2 32. Nxc5 Nxc5 33.
Nxd8 Rxa3 34. Nc6 Nd7 35. e5 Rc3 36. Ne7+ Kh7 37. Kg2 g5 38. Rd5 Kg7 39. Nf5+ Kg6 40. Ne3 Ra3 41. g4 h5 42. gxh5+ Kxh5 43. Ng4 Kg6 44. Ne3 Ra4 45. Rb5 Re4 46. Ng4 Rd4 47. Rb7 Nc5 48. Re7 Ne6 49. Kf3 Rd3+ 50. Ke2 Rd4 51.
Ke3 Rd1 52. d7 Nc5 53. Nf6 Rd3+ 54. Ke2 Rd4 55. Ke3 Rd3+ 56. Ke2 Rd4 57. f3 Kg7 58. Nh5+ Kg6 59. Nf6 Kg7 60. Re8 Nxd7 61. Rg8+ Kh6 62. Rd8 Nxf6 63. Rxd4 Nh5 64. Ke3 Kg6 65. Rd7 Ng7 66. Ke4 Ne6 67. Rd6 Kh5 68. Kf5 Nf4 69. Kf6 Nxh3 70. Kxf7 Nf4 71. e6 1-0

[Event "*** SCC Grand Prix: Titled Tuesday Blitz"]
[Site "Chess.com"]
[Date "2020.07.21"]
[Round "5"]
[White "NiranjanNavalgund"]
[Black "Denmark2015"]
[Result "0-1"]
[WhiteElo "2454"]
[BlackElo "2626"]
[TimeControl "180+1"]
[EndTime "10:57:00 PDT"]
[Termination "Denmark2015 won by checkmate"]

1. e4 e6 2. d4 d5 3. Bd3 dxe4 4. Bxe4 Nf6 5. Bf3 c5 6. Ne2 Nc6 7. Be3 cxd4 8. Nxd4 Ne5 9. Be2 Be7 10. O-O O-O 11. f4 Nc6 12. Nxc6 bxc6 13. Bf3 Nd5 14. Bd4 Ba6 15.
Rf2 c5 16. Be5 f6 17. Bc3 Nxf4 18. Qe1 Rb8 19. Bg4 e5 20. g3 Ng6 21. Nd2 Bc8 22. Be2 Be6 23. Rd1 Qc7 24. Ne4 Rfd8 25.
Bf3 c4 26. Rfd2 Rxd2 27. Qxd2 Rd8 28. Qe2 f5 29. Nf2 e4 30. Rxd8+ Qxd8 31. Bg2 Bc5 32. Kf1 Qb6 33. Nd1 Bd4 34. Qd2 Bxc3 35. Qxc3 Qc5 36. Ne3 Ne5 37. b4 Qd6 38. a3 g6 39. Ke1 Bf7 40. Qd2 Qxd2+ 41. Kxd2 Kf8 42. Kc3 Ke7 43. Bf1 Nf3 44. h3 Kf6 45. Nxc4 Bxc4 46. Bxc4 Ne5 47. Be2 g5 48. Kd4 Ke6 49. c4 Nc6+ 50. Kc5 Kd7 51. b5 Ne5 52. Kd4 Ke6 53. c5 Nd7 54. Bc4+ Ke7 55. c6 Nb6 56. Bb3 Kd6 57. a4 Nc8 58.
a5 h5 59. Bd1 h4 60. gxh4 gxh4 61. Bb3 a6 62. b6 Nxb6 63. axb6 Kxc6 64. Be6 Kxb6 65.
Bxf5 Kc7 66. Ke5 Kd8 67. Kf6 e3 68. Bg4 a5 69. Ke5 a4 70. Kd4 a3 71. Kxe3 a2 72. Kf4 a1=Q 73. Kg5 Qh8 74. Bh5 Ke7 75. Kxh4 Kf6 76.
Kg4 Qg7+ 77. Kf3 Qg5 78. Bg4 Ke5 79. Ke2 Qf4 80. Kd3 Qg3+ 81. Ke2 Ke4 82. Kd2 Kd4 83. Be2 Qf2 84. Kd1 Kc3 85. h4 Qxh4 86. Bf3 Qf2 87. Be2 Qg1+ 88. Bf1 Qxf1# 0-1

[Event "*** SCC Grand Prix: Titled Tuesday Blitz"]
[Site "Chess.com"]
[Date "2020.07.21"]
[Round "5"]
[White "Trickov"]
[Black "2008king"]
[Result "1-0"]
[WhiteElo "2366"]
[BlackElo "2249"]
[TimeControl "180+1"]
[EndTime "10:57:00 PDT"]
[Termination "Trickov won by checkmate"]

1. d4 d5 2. Nf3 Nf6 3. c4 c6 4.
Nc3 e6 5. g3 dxc4 6. a4 Bb4 7.
Qc2 O-O 8. e4 b5 9. Bg2 Bb7 10. O-O a6 11. e5 Nd5 12. Ne4 Nd7 13. Neg5 g6 14. Ne4 f5 15. exf6 N7xf6 16. Nc5 Bxc5 17. dxc5 Qe7 18. Nd4 Nb4 19. Qe2 Rae8 20. Bh6 Rf7 21. Bh3 e5 22. Nf3 Nd3 23. Ng5 Bc8 24.
Bxc8 Rxc8 25. Nxf7 Qxf7 26. b3 e4 27. bxc4 Qxc4 28.
Bg5 Nd5 29. axb5 cxb5 30. Rxa6 Nc3 31. Qg4 Qxc5 32. Bf6 Nd5 33. Qxe4 Nxf6 34. Rxf6 Ne5 35. Re6 Nf7 36. Re7 Ng5 37. Qg4 Qxe7 38. Qxc8+ Kg7 39. Qc3+ Kg8 40. Qb3+ Nf7 41. Qxb5 Kg7 42. Qb2+ Kg8 43. Qb8+ Kg7 44. Qf4 Ne5 45. h4 Qf6 46. Qxf6+ Kxf6 47. Kg2 Ng4 48. Ra1 Ne5 49. Ra6+ Kf7 50. Ra7+ Kg8 51. f4 Nf7 52. Kf3 Nd6 53. Rd7 Nf5 54. Ra7 h5 55. g4 hxg4+ 56. Kxg4 Nd4 57. Kg5 Nf3+ 58. Kxg6 Nxh4+ 59.
Kf6 Nf3 60. f5 Nh4 61. Ke6 Nf3 62. f6 Ng5+ 63. Kf5 Nf7 64. Kg6 Ne5+ 65. Kf5 Nf7 66. Ke6 Ng5+ 67. Ke7 Nf7 68. Ra8+ Kh7 69. Kxf7 Kh6 70.
Rh8+ Kg5 71. Kg7 Kf5 72. f7 Ke5 73. f8=Q Ke6 74. Qf6+ Kd5 75. Rh5+ Kc4 76. Qf4+ Kb3 77. Rh3+ Ka2 78. Qf2+ Kb1 79. Rh1# 1-0

[Event "*** SCC Grand Prix: Titled Tuesday Blitz"]
[Site "Chess.com"]
[Date "2020.07.21"]
[Round "5"]
[White "1977Ivan"]
[Black "GMBenjaminBok"]
[Result "1-0"]
[WhiteElo "2707"]
[BlackElo "2861"]
[TimeControl "180+1"]
[EndTime "10:57:01 PDT"]
[Termination "1977Ivan won by resignation"]

1. c4 c6 2. Nf3 d5 3. Qc2 Nf6 4. g3 Bg4 5. Bg2 e6 6. O-O Be7 7. d3 O-O 8. h3 Bh5 9. a3 Nbd7 10. Nc3 dxc4 11. dxc4 Bg6 12. Qd1 h6 13. Bf4 a5 14. b3 Qb6 15. Na4 Qa6 16. Ra2 Rfd8 17. Bc7 Rdc8 18. Bd6 Bxd6 19. Qxd6 Nb6 20. Nc5 Qa7 21.
Ne5 Ne8 22. Qe7 Rc7 23. Qh4 Bh7 24. Rd2 Nf6 25. Rfd1 Qb8 26. Qf4 Rc8 27. Rd6 Qc7 28. Qd4 Ne8 29. Nxf7 Qxf7 30. Rxe6 Nf6 31. Qe5 Re8 32.
Rdd6 Rad8 33. Rxd8 Rxd8 34. Re7 Re8 35. Rxe8+ Qxe8 36. Qxe8+ Nxe8 37. Nxb7 a4 38. bxa4 Nxc4 39. a5 Nc7 40. a6 Nxa6 41. Bxc6 Kf8 42. Bb5 Nxa3 43.
Bxa6 Nc2 44. Bd3 Bxd3 45. exd3 Ne1 46. Nc5 Ke7 47. Kf1 Nf3 48. Kg2 Ne1+ 49. Kf1 Nf3 50. h4 Kd6 51. Ne4+ Ke5 52. Ke2 Nd4+ 53. Ke3 Nf5+ 54.
Kd2 Kd4 55. Nc3 Nd6 56. Ne2+ Ke5 57. Ke3 Nf5+ 58. Kf3 Ne7 59. h5 Nd5 60. g4 Nf6 61. d4+ Kd5 62. Kg3 Ke4 63. f3+ Ke3 64. Nf4 Ne8 65. Ne6 Kd3 66. Kf4 Ke2 67. Ke4 Nf6+ 68. Kf4 Ne8 69. d5 Kd3 70. Ke5 Ke3 71. d6 Nxd6 72. Kxd6 Kxf3 73. Nxg7 Kxg4 74. Ke6 Kg5 75. Kf7 1-0

[Event "*** SCC Grand Prix: Titled Tuesday Blitz"]
[Site "Chess.com"]
[Date "2020.07.21"]
[Round "5"]
[White "IwkooO"]
[Black "swimmerchess"]
[Result "1-0"]
[WhiteElo "2624"]
[BlackElo "2792"]
[TimeControl "180+1"]
[EndTime "10:57:02 PDT"]
[Termination "IwkooO won by resignation"]

1. e4 c5 2. Nf3 d6 3. d4 cxd4 4. Nxd4 Nf6 5. Nc3 Nc6 6. Bc4 Qb6 7. Nxc6 bxc6 8. O-O g6 9. Bb3 Bg7 10. Be3 Qc7 11. h3 O-O 12. Qd2 a5 13. Rfe1 a4 14. Bc4 a3 15. b3 Qa5 16. Rad1 Bb7 17. Bd4 e5 18. Be3 Rfd8 19. Bg5 Rd7 20. Na4 Qc7 21. Bxf6 Bxf6 22. Nc5 Rdd8 23. Nxb7 Qxb7 24. Qd3 Qe7 25. Qf3 Ra7 26. Rd3 Rad7 27. b4 Bg5 28. b5 cxb5 29.
Bxb5 Rb7 30. c4 Kg7 31. Rxa3 Rf8 32. Rd3 Ra7 33. a4 f5 34. Red1 fxe4 35. Qxe4 Rf4 36. Qc6 Qf8 37. Qxd6 Re7 38. f3 e4 39. fxe4 Rfxe4 40. Rf1 Re1 41. Rf3 Qa8 42. Qd4+ Kh6 43. Qd5 Qa7+ 44. Kh1 Qc7 45. c5 R7e5 46. Qd6 Qxc5 47. Qxc5 Rxf1+ 48. Rxf1 Rxc5 49. Ra1 Bd8 50. Bf1 Ba5 51. Bb5 Kg5 52. g3 Rc3 53. Kg2 Bc7 54. h4+ Kf6 55. Rf1+ Kg7 56. Rf3 Rc2+ 57. Kh3 Ra2 58. Rc3 Be5 59. Re3 Kf6 60. Rf3+ Ke7 61.
Re3 Kd6 62. Rd3+ Kc5 63. Re3 Bd4 64. Re7 h5 65. Re1 Ra3 66. Be8 Bf2 67. Rc1+ Kd6 68. Rd1+ Ke7 69. Kg2 Bxg3 70. Bxg6 Bxh4 71. Bxh5 Rxa4 72.
Be2 Ra2 73. Kf3 Ra3+ 74. Rd3 Bf6 75. Rxa3 1-0

[Event "*** SCC Grand Prix: Titled Tuesday Blitz"]
[Site "Chess.com"]
[Date "2020.07.21"]
[Round "5"]
[White "Falia-p"]
[Black "sergeikim"]
[Result "1-0"]
[WhiteElo "2325"]
[BlackElo "2443"]
[TimeControl "180+1"]
[EndTime "10:57:02 PDT"]
[Termination "Falia-p won on time"]

1. e4 e5 2. Nf3 Nc6 3. Bb5 a6 4. Ba4 Nf6 5. O-O b5 6. Bb3 Bc5 7. a4 Bb7 8. d3 d6 9. Nbd2 O-O 10.
c3 Re8 11. Re1 Bb6 12. Nf1 h6 13. Ng3 d5 14. axb5 axb5 15. Rxa8 Bxa8 16. exd5 Nxd5 17.
Nf5 Na5 18. Bc2 Qf6 19. d4 Nc6 20. Qe2 e4 21. Bxe4 Na7 22. Ng3 Kh8 23. Ne5 Nf4 24.
Bxf4 Qxf4 25. Bxa8 Rxa8 26. Qf3 Qxf3 27. Nxf3 Nc6 28. h3 g6 29. Ne4 Kg7 30. Kf1 Ra2 31. Re2 b4 32. g4 g5 33. Ng3 bxc3 34. bxc3 Ra1+ 35. Kg2 Rc1 36. Nf5+ Kg6 37. Re3 f6 38.
Nd2 h5 39. Ne4 hxg4 40. hxg4 Kf7 41. Rf3 Ke6 42. Ne3 Ke7 43. Nd5+ Kd8 44. Nxb6 cxb6 45.
Rxf6 Kc7 46. Rg6 b5 47. Rxg5 b4 48. cxb4 Nxd4 49. Rc5+ Rxc5 50. Nxc5 Kc6 51. Nd3 Kd5 52. Kg3 Ke4 53. Nc5+ Kd5 54. f4 Ne2+ 55. Kf3 Nd4+ 56. Ke3 Nc2+ 57. Kf3 Nxb4 58. Ne4 Nd3 59. Nf6+ Ke6 60. Nh5 Ne1+ 61. Ke4 Ng2 62. f5+ Kf7 63.
g5 Nh4 64. Kf4 Ng2+ 65. Ke5 Ne3 66. g6+ Kg8 67. f6 Ng4+ 68. Kf5 Ne3+ 69. Kg5 1-0

[Event "*** SCC Grand Prix: Titled Tuesday Blitz"]
[Site "Chess.com"]
[Date "2020.07.21"]
[Round "5"]
[White "GoltsevDmitry2000"]
[Black "Ramil_Faizrakhmanov"]
[Result "0-1"]
[WhiteElo "2566"]
[BlackElo "2792"]
[TimeControl "180+1"]
[EndTime "10:57:03 PDT"]
[Termination "Ramil_Faizrakhmanov won by resignation"]

1. e4 c6 2. Nf3 d5 3. exd5 cxd5 4. d4 Nc6 5. c3 Nf6 6. Bb5 Bg4 7. O-O e6 8. h3 Bh5 9. Nbd2 Bd6 10. Qa4 Qc7 11. Ne5 Rc8 12. Qxa7 O-O 13. Bxc6 bxc6 14. Qxc7 Rxc7 15. g4 Bg6 16. Nxg6 hxg6 17. f4 c5 18. Nf3 Rb8 19. Kg2 Ne4 20. Re1 cxd4 21. Nxd4 Nc5 22. Re2 Nd3 23. Kf3 Rcb7 24. a4 Nxc1 25. Rxc1 Rxb2 26.
Rxb2 Rxb2 27. Ra1 Rb8 28. a5 Bc5 29. Ke3 Ra8 30. a6 Kf8 31. Kd3 Ke7 32. Nc6+ Kd6 33. Ne5 Ra7 34. Ra2 g5 35. Nf3 gxf4 36. h4 e5 37. Nd2 e4+ 38. Ke2 f3+ 39. Nxf3 exf3+ 40.
Kxf3 Kc6 41. Kf4 Re7 42. h5 f6 43. Kf5 Re5+ 44. Kg6 Rg5+ 45. Kf7 Ba7 46. Ra4 Kb5 47. Rf4 Kxa6 48. Ke6 Kb5 49. h6 gxh6 50. Kxf6 Bc5 51. Ke6 Be3 52. Rf6 Kc5 53. Rxh6 Rxg4 54. Ke5 Bxh6 55.
c4 dxc4 56. Kf5 Rd4 57. Kg6 c3 58. Kh5 c2 59. Kg6 c1=Q 60. Kh7 Bd2 61. Kg6 Qf1 0-1

[Event "*** SCC Grand Prix: Titled Tuesday Blitz"]
[Site "Chess.com"]
[Date "2020.07.21"]
[Round "5"]
[White "Roza_Idrisova"]
[Black "Steven_Rojas"]
[Result "1/2-1/2"]
[WhiteElo "2251"]
[BlackElo "2390"]
[TimeControl "180+1"]
[EndTime "10:57:03 PDT"]
[Termination "Game drawn by stalemate"]

1. d4 d5 2. Nf3 Nf6 3. Bg5 Ne4 4. Bf4 c5 5. c3 Nc6 6. e3 e6 7. Nbd2 Bd6 8. Bg3 O-O 9. Bd3 f5 10. Be5 Nxe5 11. dxe5 Bc7 12. c4 g5 13. cxd5 exd5 14. Qc2 g4 15. Ng1 Bxe5 16. Bxe4 fxe4 17. Ne2 Qf6 18.
O-O Be6 19. g3 Rac8 20. Rab1 Qh6 21. Nf4 Bxf4 22. exf4 Rf5 23. Rfd1 Rh5 24. Nf1 d4 25. Qxe4 Bd5 26. Qe7 Rc6 27. Qe8+ Kg7 28. Re1 Bf7 29. Qe7 Qd6 30. b3 Qxe7 31. Rxe7 Rb6 32. Rc1 a5 33. Nd2 Kf8 34. Rc7 Rbh6 35. Nf1 b6 36.
Re1 Re6 37. Rxe6 Bxe6 38. Rc6 Ke7 39. Rxb6 d3 40. Ne3 d2 41. Rb5 Rd5 42. Nd1 c4 43. bxc4 Rxb5 44. cxb5 Bxa2 45. b6 Bb3 46. Nc3 Kd6 47.
f5 Kc6 48. f6 a4 49. Kf1 a3 50. Ke2 a2 51. Nxa2 Bxa2 52. Kxd2 Kxb6 53. Ke3 Kc6 54. Kf4 Kd6 55. Kxg4 Ke6 56. Kg5 Kf7 57. h4 Bb1 58. h5 Be4 59. g4 Bd3 60. f4 Be4 61. f5 Bf3 62. Kf4 Bd1 63. Kg5 Be2 64. Kf4 Bd1 65. Kg5 Be2 66. h6 Bd1 67. Kf4 Kxf6 68. g5+ Kf7 69. Ke5 Bh5 70. g6+ Bxg6 71. fxg6+ hxg6 72. Kf4 Kg8 73. Kg4 Kh8 74. Kh4 Kg8 75. Kg4 Kh8 76. Kh4 Kh7 77. Kg5 Kg8 78. Kxg6 Kh8 79. h7 1/2-1/2

[Event "*** SCC Grand Prix: Titled Tuesday Blitz"]
[Site "Chess.com"]
[Date "2020.07.21"]
[Round "5"]
[White "CaspiIsrael"]
[Black "Shield12"]
[Result "0-1"]
[WhiteElo "2626"]
[BlackElo "2850"]
[TimeControl "180+1"]
[EndTime "10:57:05 PDT"]
[Termination "Shield12 won by checkmate"]

1. e4 c5 2. Nf3 Nc6 3. d4 cxd4 4. Nxd4 Nf6 5. Nc3 d6 6. f3 e5 7. Nb3 Be7 8. Be3 O-O 9. Qd2 Be6 10. Nd5 Bxd5 11.
exd5 Nb8 12. Be2 Nbd7 13. O-O Qc7 14. Na5 Rac8 15. c4 Bd8 16. b4 Qb8 17. Nb3 Bb6 18.
Bxb6 Nxb6 19. Rac1 Rfe8 20. Kh1 Qc7 21. Qe3 Qe7 22. a3 Rc7 23. Na5 Rec8 24. Rcd1 h6 25. Rfe1 Qd7 26. Bd3 Re8 27. g4 Qd8 28. h3 Nfd7 29.
Kg2 Nf8 30. f4 e4 31. Bf1 f5 32. c5 Nc8 33. c6 b6 34. Nc4 Qf6 35. Qd4 Qf7 36.
Qf2 Ng6 37. Kg3 Rf8 38. Ne3 fxg4 39. Nxg4 Nxf4 40. Rxe4 Nh5+ 41. Kg2 Qg6 42. Qe3 Nf6 43. Rf4 h5 44. Bd3 Qg5 45. Rf3 Qxe3 46. Nxe3 Re7 47. Bf5 Re5 48. Be6+ Kh7 49. Nc4 Rg5+ 50. Kf2 Ne7 51.
Nxd6 Nexd5 52. Bxd5 Rd8 53. c7 Rxd6 54. c8=Q Nxd5 55.
Qc2+ Kh6 56. Rd4 g6 57. Qd2 Nf6 58. h4 Ne4+ 59. Ke3 Nxd2 60. hxg5+ Kxg5 61. Rd3 Rxd3+ 62.
Kxd3 Nxf3 63. Ke4 Kg4 64. Kd5 h4 65. Kc6 h3 66. Kb7 h2 67. Kxa7 h1=Q 68. Kxb6 Qa1 69. a4 Nd4 70. b5 Qxa4 71. Kc5 Qxb5+ 72. Kxd4 Kf4 73. Kc3 g5 74. Kd2 g4 75. Ke1 g3 76.
Kd2 Qb3 77. Ke1 Qc2 78. Kf1 Qf2# 0-1

[Event "*** SCC Grand Prix: Titled Tuesday Blitz"]
[Site "Chess.com"]
[Date "2020.07.21"]
[Round "5"]
[White "NotFischer"]
[Black "arminmusovic"]
[Result "1/2-1/2"]
[WhiteElo "2256"]
[BlackElo "2522"]
[TimeControl "180+1"]
[EndTime "10:57:06 PDT"]
[Termination "Game drawn - insufficient material"]

1. e4 c6 2. d4 d5 3. exd5 cxd5 4.
Bd3 Nc6 5. c3 Nf6 6. Bf4 g6 7.
Nf3 Bg7 8. O-O O-O 9. Re1 Re8 10. Nbd2 Nd7 11. a4 f6 12. Qb3 e6 13. h4 Nf8 14.
Qc2 Bd7 15. Nb3 e5 16. dxe5 Nxe5 17. Be2 Bf5 18. Qc1 Nxf3+ 19. Bxf3 Be4 20. Be2 Ne6 21. Be3 Qc7 22. Nd4 a6 23. Qd2 Rad8 24. Nxe6 Rxe6 25. Bd4 Re7 26. a5 Rde8 27. Bf1 h5 28. Red1 Kh7 29. b4 Qc6 30. Re1 Bh6 31. Be3 Bg7 32. Rad1 Bf5 33. Bd4 Rxe1 34. Rxe1 Rxe1 35. Qxe1 Be4 36.
Qe3 Qd7 37. f3 Bf5 38. Bd3 Bh6 39. Qe2 Bg7 40. Bxf5 Qxf5 41. Kf2 g5 42. hxg5 Qxg5 43. Qe3 Qh4+ 44. Ke2 Kg6 45. Kd3 Qh1 46. Qf2 Qa1 47.
Ke2 Qa2+ 48. Kf1 Qc4+ 49. Kg1 Kf7 50. Qe3 Qa2 51. Kh2 Qb1 52. Kg3 Bf8 53. Qf4 Qg6+ 54. Kh2 Kg8 55. Qc7 Qf7 56. Qxf7+ Kxf7 57. Kg3 Bd6+ 58. Kh4 Kg6 59. g3 f5 60. f4 Be7+ 61. Kh3 Bd8 62. Kg2 h4 63. gxh4 Bxh4 64. Kf3 Kh5 65. Be5 Be1 66. Ke3 Kg4 67. Kd4 Bg3 68.
Kxd5 Bxf4 69. Bd4 Bd2 70. Kc4 Kf3 71. Kd3 Be1 72. Be5 f4 73. Bd6 Kg4 74. c4 f3 75. b5 Bxa5 76. bxa6 bxa6 77. Ke3 Bd8 78. c5 Bg5+ 79. Kf2 Bh4+ 80. Kf1 a5 81. c6 Bd8 82. c7 Bxc7 83. Bxc7 a4 84. Bd6 Kf5 85. Ba3 Ke4 86.
Kf2 Kf4 87. Bb4 Ke4 88. Ba3 Kf4 89. Bb4 Ke5 90. Ba3 Kd4 91. Kxf3 Kc4 92. Bd6 Kb3 93. Be7 Kc4 94. Bd6 Kc3 95. Be7 Kb3 96. Bd6 Kc4 97. Be7 Kd5 98. Bf8 Kc6 99. Be7 Kb5 100. Bf8 Kc4 101. Be7 a3 102. Bxa3 1/2-1/2

[Event "*** SCC Grand Prix: Titled Tuesday Blitz"]
[Site "Chess.com"]
[Date "2020.07.21"]
[Round "5"]
[White "Zarinur"]
[Black "benko_008"]
[Result "0-1"]
[WhiteElo "2091"]
[BlackElo "2425"]
[TimeControl "180+1"]
[EndTime "10:57:11 PDT"]
[Termination "benko_008 won by checkmate"]

1. e4 c5 2. Nf3 e6 3. g3 d5 4. exd5 exd5 5. d4 cxd4 6. Nxd4 Bc5 7. Bg2 Nf6 8. O-O O-O 9. Bg5 h6 10. Bxf6 Qxf6 11. c3 Rd8 12. Nb3 Bb6 13. N1d2 Nc6 14. Nf3 Bg4 15. h3 Bh5 16. g4 Bg6 17. Nbd4 Be4 18.
Qd2 Na5 19. b3 Rac8 20. Rac1 Nc6 21. Rfd1 Ne7 22. g5 hxg5 23. Qxg5 Qxg5 24. Nxg5 Bxg2 25. Kxg2 Ng6 26. Nf5 Bc7 27. Nf3 Nf4+ 28. Kf1 Re8 29. Ne3 Rcd8 30. Nd4 a6 31. Ndf5 g6 32. Ng3 Bb6 33.
Ne2 Re4 34. Nxf4 Rxf4 35. Kg2 d4 36. cxd4 Rdxd4 37. Rxd4 Bxd4 38. Nd1 Bf6 39. Rc8+ Kg7 40. Rc7 Rb4 41. Ne3 Be5 42. Nd5 Bxc7 43. Nxb4 Be5 44.
Nd5 f5 45. f4 Bd4 46. Kf3 Kf7 47. Nc7 Ke7 48. Nd5+ Ke6 49. Ne3 Bc3 50. Nd1 Bd2 51.
Ke2 Bxf4 52. Kd3 Bg3 53. Ne3 g5 54. Nf1 Bf4 55. Kc4 Kd6 56. Kd4 b5 57. Kd3 Kd5 58.
a4 b4 59. a5 Kc5 60. Ne3 Bxe3 61. Kxe3 Kd5 62. Kf3 Kd4 63. h4 gxh4 64. Kf4 Kc3 65.
Kxf5 Kxb3 66. Kg4 Ka4 67. Kxh4 Kxa5 68. Kg3 Ka4 69. Kf3 b3 70. Ke3 b2 71. Kd2 b1=Q 72.
Kc3 Qb4+ 73. Kd3 Kb5 74. Ke2 a5 75. Ke3 a4 76. Ke2 a3 77. Ke3 a2 78. Ke2 a1=Q 79. Ke3 Qaa3+ 80. Ke2 Qbb2+ 81. Ke1 Qaa1# 0-1

[Event "*** SCC Grand Prix: Titled Tuesday Blitz"]
[Site "Chess.com"]
[Date "2020.07.21"]
[Round "5"]
[White "26andrej26"]
[Black "Spartakus1975"]
[Result "1-0"]
[WhiteElo "2532"]
[BlackElo "2639"]
[TimeControl "180+1"]
[EndTime "10:57:13 PDT"]
[Termination "26andrej26 won on time"]

1. e4 e6 2. d4 d5 3. Nc3 Nf6 4. e5 Nfd7 5. f4 c5 6. Nf3 Nc6 7. Be3 Be7 8. Qd2 O-O 9. Be2 b6 10. Nd1 f6 11. exf6 Nxf6 12. Nf2 Ne4 13. Nxe4 dxe4 14.
Ne5 Nxd4 15. Bxd4 Qxd4 16. Qxd4 cxd4 17. O-O-O Bc5 18. Nc6 Rxf4 19. Nxd4 e5 20. Bc4+ Kh8 21. Bd5 exd4 22. Bxa8 e3 23. Bf3 Ba6 24. Rhe1 g5 25.
a3 g4 26. Be2 Bb7 27. g3 Rf2 28. Bxg4 Be4 29. Re2 Rxe2 30. Bxe2 a5 31. b4 axb4 32.
axb4 Bxb4 33. Rxd4 Bd2+ 34. Kb2 Bf5 35. Rd6 b5 36.
Rd5 Be6 37. Rxb5 Kg7 38. Rb6 Bh3 39. c4 Kf7 40. Kc2 Bf5+ 41. Kd1 Ke7 42. c5 Bd7 43.
Bd3 Bg4+ 44. Be2 Be6 45. Bd3 Bg4+ 46. Be2 Bf5 47. Bf3 Bd3 48. Be2 Be4 49. Bc4 Bf3+ 50. Be2 Bd5 51. Bb5 Be4 52. Be2 h5 53. Bxh5 Bd3 54.
Be2 Bf5 55. Bc4 Bg4+ 56. Be2 Bf5 57. h4 Kd8 58. g4 Bd7 59. Rd6 Kc7 60. Rxd7+ Kxd7 61. Bf3 Bb4 62. c6+ Kc7 63. Ke2 Be7 64. g5 Bc5 65. h5 Be7 66. g6 Bg5 67. g7 Be7 68. g8=Q Kd6 69. Qg6+ Kc5 70. Qd3 Kb4 71. Qxe3 Bc5 72.
Qe4+ Ka5 73. c7 Bd4 74. Qxd4 Ka6 75. c8=Q+ Ka5 76. Qa8+ Kb5 77. Qc6+ 1-0

[Event "*** SCC Grand Prix: Titled Tuesday Blitz"]
[Site "Chess.com"]
[Date "2020.07.21"]
[Round "5"]
[White "boasovietica"]
[Black "vpsetter"]
[Result "0-1"]
[WhiteElo "2414"]
[BlackElo "2602"]
[TimeControl "180+1"]
[EndTime "10:57:20 PDT"]
[Termination "vpsetter won on time"]

1. e4 c5 2. Nf3 Nc6 3. Nc3 g6 4. d4 cxd4 5. Nxd4 Bg7 6. Nb3 Nf6 7. Be2 O-O 8. O-O d6 9. Bg5 a6 10. Kh1 b5 11. a3 Be6 12. f4 Bxb3 13. cxb3 Nd7 14.
Rc1 Nc5 15. Nd5 Bxb2 16. Rc2 Bxa3 17. Qa1 b4 18. Bh6 f6 19. Bxf8 Qxf8 20. Bc4 Kg7 21.
Nc7 Ra7 22. Ne6+ Nxe6 23. Bxe6 Nd8 24. Rc8 Nxe6 25. Rxf8 Kxf8 26. f5 Nc5 27. fxg6 hxg6 28. Qd4 Rc7 29. Qc4 Kg7 30. h4 a5 31. h5 Bb2 32. hxg6 e6 33. e5 Bxe5 34. Rf3 Rc8 35. Rh3 f5 36. Qh4 Kxg6 37. Qh5+ Kf6 38. Qh6+ Kf7 39.
Qh7+ Bg7 40. Rg3 Rg8 41. Qg6+ Ke7 42. Qh7 Kf7 43. Kg1 Ne4 44. Qg6+ Ke7 45. Qh7 Nxg3 46. Qxg8 Bd4+ 47. Kh2 Be5 48. Kh3 Ne4 49. Qc8 Ng5+ 50. Kh4 Ne4 51. Qb7+ Kf6 52. Qa8 Bc3 53. Qxa5 Be1+ 54.
Kh5 Ng3+ 55. Kh6 Bd2+ 56. Kh7 Ne4 57. Qd8+ Ke5 58. Qh8+ Kf4 59. Qd4 Bc3 60. Qd3 d5 61. Qf3+ Ke5 62. g3 Ng5+ 0-1

[Event "*** SCC Grand Prix: Titled Tuesday Blitz"]
[Site "Chess.com"]
[Date "2020.07.21"]
[Round "5"]
[White "jb2mix"]
[Black "GM_dmitrij"]
[Result "0-1"]
[WhiteElo "2674"]
[BlackElo "2933"]
[TimeControl "180+1"]
[EndTime "10:57:28 PDT"]
[Termination "GM_dmitrij won by checkmate"]

1. e4 c5 2. c3 d5 3. exd5 Qxd5 4. d4 g6 5. Nf3 Bg7 6. Na3 cxd4 7. Nb5 Na6 8. Be3 Nf6 9. Qxd4 O-O 10. Bc4 Qh5 11. Qh4 Qxh4 12. Nxh4 Bd7 13. Nxa7 Ng4 14. Bb6 Ne5 15.
Be2 Be6 16. Nb5 Nc4 17. Bd4 Nxb2 18. Bxg7 Kxg7 19. O-O Na4 20. Nf3 N6c5 21. Nfd4 Bd7 22. Bf3 e5 23. Nd6 exd4 24. cxd4 Ne6 25. Bxb7 Ra7 26.
d5 Nd4 27. Rfd1 Nc3 28. Rd3 Ncb5 29. Bc6 Nxd6 30. Rxd4 Rc8 31. Bxd7 Rxd7 32. a4 Ra7 33. Rb4 Rc5 34. Rd1 Rca5 35. Rb6 R5a6 36. Rc6 Kf6 37. f4 Ke7 38. Rxa6 Rxa6 39. Rd4 Ra5 40. Kf2 Nf5 41. Rb4 Rxd5 42. g4 Nd6 43. Rb2 Rd4 44. Re2+ Kd7 45. Ra2 Rxf4+ 46. Kg3 Rb4 47. a5 Rb7 48.
Kf4 f6 49. a6 Ra7 50. g5 f5 51.
Ke5 Ne8 52. Rd2+ Ke7 53. Rb2 Rxa6 54. Rb7+ Kf8 55. Rxh7 Ng7 56. Rh3 Re6+ 57. Kf4 Re4+ 58. Kf3 Ne6 59. Rg3 Rb4 60. Rg1 Rh4 61. Rg2 Kf7 62.
Ke3 Rh5 63. Ra2 Rxg5 64. Kf3 Kf6 65. Ra4 Rh5 66. h4 Rh7 67. Kg3 Rd7 68. Ra3 Rd4 69. Re3 Rg4+ 70. Kh3 Nf4+ 71. Kh2 Rxh4+ 72. Kg1 Rg4+ 73.
Kf2 Kg5 74. Re7 Nh5 75. Re1 Nf6 76. Rh1 Ne4+ 77. Kf3 Rg3+ 78. Ke2 Kf4 79. Rf1+ Ke5 80. Rb1 g5 81. Rb5+ Kf4 82. Rb4 Rg2+ 83. Kf1 Ra2 84. Rb1 Nd2+ 85. Kg2 Nxb1+ 86. Kh3 g4+ 87. Kh4 Rh2# 0-1